 Dungeon Crawl Stone Soup version 0.23-a0-164-g7711e57 (webtiles) character file.

7 glosham the Ruffian (level 1, -23/22 HPs)
             Began as a Troll Abyssal Knight on Sept 10, 2018.
             Was a Follower of Lugonu.
             Annihilated by a shadow (30 damage)
             ... on level 3 of the Abyss.
             The game lasted 00:02:14 (96 turns).

glosham the Ruffian (Troll Abyssal Knight)            Turns: 96, Time: 00:02:15

Health: -23/22     AC:  5    Str: 19    XL:     1   Next: 91%
Magic:  1/1        EV: 10    Int:  8    God:    Lugonu [*.....]
Gold:   53         SH:  0    Dex:  9    Spells: 0/0 levels left

rFire    . . .     SeeInvis .     - Unarmed
rCold    . . .     Gourm    +   (no shield)
rNeg     . . .     Faith    .   a - +0 robe
rPois    .         Spirit   .   (helmet restricted)
rElec    .         Reflect  .   (no cloak)
rCorr    .         Harm     .   (gloves unavailable)
MR       .....                  (boots unavailable)
Stlth    +.........             (no amulet)
HPRegen  0.47/turn              (no ring)
MPRegen  0.07/turn              (no ring)

@: lethally poisoned (-23 -> -29)
A: large, unfitting armour, claws 3, fast metabolism 3, gourmand, regeneration
1, shaggy fur 1, tough skin 2
a: Depart the Abyss, Renounce Religion


You were on level 3 of the Abyss.
You worshipped Lugonu.
Lugonu was aware of your devotion.
You were not hungry.

You visited 0 branches of the dungeon, and saw 0 of its levels.
You visited the Abyss 1 time.

You collected 53 gold pieces.

Inventory:

Armour
 a - a +0 robe (worn)
Comestibles
 b - 2 rations


   Skills:
 - Level 2.4 Fighting
 - Level 1.9 Dodging
 + Level 2.7 Unarmed Combat
 - Level 1.5 Invocations


You couldn't memorise any spells.
You didn't know any spells.
Your spell library was empty.

Dungeon Overview and Level Annotations

Branches:
Dungeon (0/15)

Altars:


Innate Abilities, Weirdness & Mutations

You are too large for most types of armour.
You have claws for hands.
Your metabolism is lightning-fast.
You like to eat raw meat.
Your natural rate of healing is unusually fast.
You are covered in fur. (AC +1)
You have very tough skin. (AC +2)


Message History

There is a gateway leading deeper into the Abyss here.
You plunge deeper into the Abyss.
Found 9 gold pieces and 2 poisoned needles.
You see here 9 gold pieces.
You now have 21 gold pieces (gained 9).
Found a gateway leading deeper into the Abyss.
There is a gateway leading deeper into the Abyss here.
You plunge deeper into the Abyss.
The abyssal rune of Zot can be found at this depth.
Found a great sword.
Found a ration.
Found a scroll labeled PATUON DYUL.
Found 32 gold pieces.
You see here a scroll labeled PATUON DYUL.
c - a scroll labeled PATUON DYUL
Found a pair of gloves.
You see here 32 gold pieces.
You now have 53 gold pieces (gained 32).
You see here a pair of gloves.
Found 17 stones.
A shadow comes into view.
The shadow slips into darkness.
The shadow flickers and vanishes!
As you read the scroll labeled PATUON DYUL, it crumbles to dust.
It is a scroll of enchant weapon.
You aren't carrying any weapons that can be enchanted.
Found 24 gold pieces.
Found 13 stones.
Found a gateway leading deeper into the Abyss.
Found 21 gold pieces.
A guardian serpent comes into view.
The guardian serpent shouts!
You hear a shout!
There is a gateway leading deeper into the Abyss here.
The guardian serpent coils itself and waves its upper body at you.
The bolt of poison hits you!
You are poisoned.
Ouch! That really hurt!
The shadow strikes at you from the darkness!
Ouch! That really hurt!
You die...

... #.......#.##
.##.......#.#.
.........##..# .
.........##..# .
..........#.. #
..........#.## ## .
..........#..# #.# #.#
.......@.###.# #.#..#
.##....{.###.#######...
##......##..[...#. . ##
.........#.##
.#..#..#.#
..(...........#....#..
..S.$....##....#####.#
# ......(... ...# #.
...#. .$.......#
...##... ...#
..........##..##..##..#


You could see a guardian serpent.

Vanquished Creatures
  A shadow imp (Abyss:1)
1 creature vanquished.

Notes
Turn   | Place    | Note
-------+----------+-------------------------------------------
     0 | Abyss:1  | glosham the Troll Abyssal Knight began the quest for the
                  | Orb.
     0 | Abyss:1  | Reached XP level 1. HP: 22/22 MP: 1/1
    34 | Abyss:1  | Noticed a bone dragon
    85 | Abyss:3  | Noticed a shadow
    95 | Abyss:3  | Noticed a guardian serpent
    96 | Abyss:3  | Annihilated by a shadow

Vault maps used:
Abyss:1:  hangedman_abyss_or_decor_passed
Abyss:3:  hangedman_classic_abyss_death, evilmike_abyss_exit_12

Action                   || total
-------------------------++-------
Melee: Unarmed           ||     7
  Use: Scroll            ||     1
Armor: Robe              ||     4

Table legend:
 A = Non-vault XP
 B = Vault XP
 C = Vault XP percentage of total XP
 D = Non-vault monster count
 E = Vault monster count
 F = Vault count percentage of total count
                 A         B        C        D         E       F
            +---------+---------+-------+---------+---------+-------
      Total |      11 |       0 |   0.0 |       1 |       0 |   0.0
            +---------+---------+-------+---------+---------+-------
    Abyss:1 |      11 |       0 |   0.0 |       1 |       0 |   0.0
            +---------+---------+-------+---------+---------+-------

Table legend:
 A = Turns spent in this place as a percentage of turns spent in the entire game.
 B = Non-inter-level travel turns spent in this place as a percentage of non-inter-level travel turns spent in the entire game.
 C = Inter-level travel turns spent in this place as a percentage of turns spent in this place.
 D = Turns resting spent in this place as a percentage of non-inter-level travel turns spent in this place.
 E = Turns spent auto-exploring this place as a percentage of non-inter-level travel turns spent in this place.
 F = Non-inter-level travel turns spent in this place divided by the number of levels of this place that you've seen.
                   A       B       C       D       E      F
               +-------+-------+-------+-------+-------+----------------------
         Total | 100.0 | 100.0 |   0.0 |   0.0 |   0.0 |  32.0
         Abyss | 100.0 | 100.0 |   0.0 |   0.0 |   0.0 |  32.0
               +-------+-------+-------+-------+-------+----------------------

Table legend:
 A = Kills in this place as a percentage of kills in entire the game.
 B = Kills by you in this place as a percentage of kills by you in the entire game.
 C = Kills by friends in this place as a percentage of kills by friends in the entire game.
 D = Other kills in this place as a percentage of other kills in the entire game.
 E = Experience gained in this place as a percentage of experience gained in the entire game.
 F = Experience gained in this place divided by the number of levels of this place that you have seen.
                   A       B       C       D       E      F
               +-------+-------+-------+-------+-------+----------------------
         Total | 100.0 | 100.0 |   N/A |   N/A | 100.0 |   3.7
         Abyss | 100.0 | 100.0 |   N/A |   N/A | 100.0 |   3.7
               +-------+-------+-------+-------+-------+----------------------

Vault maps used:
Abyss:1:  hangedman_abyss_or_decor_passed
Abyss:3:  hangedman_classic_abyss_death, evilmike_abyss_exit_12
